 Dungeon Crawl Stone Soup version 0.23.2-1-ga50397a6bc (webtiles) character file.

Game seed: 16995978705936138696

9570 Mrkan the Blocker (level 11, -12/104 HPs)
             Began as a Troll Monk on May 21, 2019.
             Was a High Priest of Cheibriados.
             Mangled by a cyan ugly thing (17 damage)
             ... on level 11 of the Dungeon.
             The game lasted 00:18:19 (7283 turns).

Mrkan the Blocker (Troll Monk)                      Turns: 7283, Time: 00:18:20

Health: -12/104    AC: 11    Str: 35    XL:     11   Next: 24%
Magic:  9/10       EV: 10    Int: 20    God:    Cheibriados [*****.]
Gold:   678        SH: 23    Dex: 29    Spells: 10/10 levels left

rFire    . . .     SeeInvis .     - Unarmed
rCold    . . .     Gourm    +   r - +1 large shield
rNeg     . . .     Faith    .   z - +2 robe {Archmagi}
rPois    .         Spirit   .   Q - +2 hat
rElec    .         Reflect  .   D - +0 cloak
rCorr    .         Harm     .   (gloves unavailable)
MR       .....                  (boots unavailable)
Stlth    +++.......             (no amulet)
HPRegen  0.67/turn              (no ring)
MPRegen  0.12/turn              (no ring)

@: very slow
A: large, unfitting armour, claws 3, fast metabolism 3, gourmand, regeneration
1, shaggy fur 1, tough skin 3
a: Bend Time, Temporal Distortion, Slouch, Step From Time, Renounce Religion


You were on level 11 of the Dungeon.
You worshipped Cheibriados.
Cheibriados was extremely pleased with you.
You were very full.

You visited 1 branch of the dungeon, and saw 11 of its levels.

You collected 678 gold pieces.

Inventory:

Hand Weapons
 p - a +1 great mace
 y - a +2 whip of venom
 E - a cursed +2 great sword of protection
Missiles
 x - 3 exploding tomahawks (quivered)
 F - 4 silver tomahawks
Armour
 a - a +0 robe
 r - a +1 large shield (worn)
 z - a +2 robe of the Archmagi (worn)
 D - a +0 cloak (worn)
 Q - a +2 hat (worn)
Jewellery
 l - an uncursed ring of resist corrosion {unknown}
 n - a +2 amulet of reflection {unknown}
 t - an uncursed amulet of harm {unknown}
Wands
 w - a wand of iceblast (10)
 I - a wand of flame (7)
 L - a wand of digging (6)
 M - a wand of scattershot (4)
Scrolls
 c - 8 scrolls of enchant weapon
 d - 2 scrolls of amnesia
 e - 7 scrolls of remove curse
 f - 4 scrolls of teleportation
 h - a scroll of magic mapping
 j - 4 scrolls of enchant armour
 m - a scroll of blinking
 B - 6 scrolls of identify
 H - a scroll of fear
 J - a scroll of noise
Potions
 g - 2 potions of agility {unknown}
 i - 7 potions of degeneration
 k - 2 potions of curing
 o - a potion of magic {unknown}
 s - a potion of haste {unknown}
 u - a potion of might {unknown}
 v - 2 potions of berserk rage {unknown}
 A - 4 potions of lignification {unknown}
 C - a potion of cancellation {unknown}
 K - a potion of brilliance {unknown}
 N - a potion of resistance {unknown}
Comestibles
 b - 17 rations


   Skills:
 + Level 5.5 Fighting
 - Level 2.4 Dodging
 - Level 1.0 Stealth
 * Level 11.7 Shields
 - Level 9.3 Unarmed Combat


You had 10 spell levels left.
You didn't know any spells.
Your spell library contained the following spells:

 Spells                   Type           Power        Failure   Level  Hunger
 Beastly Appendage        Tmut           #.....       36%         1    ##.....
 Magic Dart               Conj           #...         36%         1    ##.....
 Sandblast                Erth           #.....       36%         1    ##.....
 Blink                    Tloc           N/A          50%         2    ###....
 Call Imp                 Summ           #.......     50%         2    ###....
 Passwall                 Tmut/Erth      #.......     50%         2    ###....
 Slow                     Hex            #.......     50%         2    ###....
 Sticks to Snakes         Tmut           #.......     50%         2    ###....
 Conjure Flame            Conj/Fire      #.......     75%         3    ####...
 Mephitic Cloud           Conj/Pois/Air  #.......     75%         3    ####...
 Spider Form              Tmut/Pois      #.........   75%         3    ####...
 Stone Arrow              Conj/Erth      #.....       75%         3    ####...
 Ice Form                 Ice/Tmut       #.......     98%         4    #####..
 Petrify                  Tmut/Erth      #.......     98%         4    #####..
 Blade Hands              Tmut           #.........   100%        5    ######.
 Lee's Rapid Deconstruct  Erth           #.........   100%        5    ######.
 Metabolic Englaciation   Hex/Ice        #.........   100%        5    ######.
 Bolt of Cold             Conj/Ice       #.........   100%        6    #######
 Freezing Cloud           Conj/Ice/Air   #.........   100%        6    #######
 Ozocubu's Refrigeration  Ice            #.........   100%        6    #######
 Simulacrum               Ice/Necr       #.........   100%        6    #######


Dungeon Overview and Level Annotations

Branches:
Dungeon (11/15)            Temple (0/1) D:7            Lair (0/6) D:11
    Orc (0/2) D:11

Altars:
Cheibriados
Fedhas
Gozag
Okawaru
Qazlal
Ru
Sif Muna
Wu Jian
Zin
Beogh

Shops:
D:4 [%}   D:5 [   D:9 }   D:10 (

Annotations:
D:10 1 runed translucent door


Innate Abilities, Weirdness & Mutations

You are too large for most types of armour.
You have claws for hands.
Your metabolism is lightning-fast.
You like to eat raw meat.
Your natural rate of healing is unusually fast.
You are covered in fur. (AC +1)
You have extremely tough skin. (AC +3)


Message History

* * * LOW HITPOINT WARNING * * *
You scratch the orc priest.
The orc priest is moderately wounded.
You block the orc's attack. You block the orc warrior's attack.
You block the orc's attack. You block the cyan ugly thing's attack.
The orc priest hits you but does no damage.
You mangle the orc warrior!!
You kill the orc warrior!
Cheibriados appreciates the change of pace.
You block the orc's attack. The orc hits you.
* * * LOW HITPOINT WARNING * * *
You block the cyan ugly thing's attack.
You barely miss the orc priest.
The orc priest is moderately wounded.
You block the orc priest's attack. The orc hits you but does no damage.
You block the orc's attack.
You feel better. The cyan ugly thing gores you!
* * * LOW HITPOINT WARNING * * *
The cyan ugly thing shocks you!
You die...

#............
#........###.
#........#
#........#
#........#
#........#
#....#####
#....# >
#)@o.# .)
#ouo.#


oo_ #()<.# o))) #....# ))o)8 #....##8[8### #.....).o.... #.....(o.###.
#........# #........# You could see a cyan ugly thing, an orc priest and 2 orcs.

Vanquished Creatures
  Gastronok (D:11)
  An unseen horror (D:11)
  A cyclops (D:11)
  An elephant (D:11)
  2 trolls
  A hippogriff (D:4)
  A vampire (D:9)
  2 hungry ghosts (D:9)
  A yak (D:11)
  3 vampire mosquitoes (D:11)
  Menkaure (D:6)
  An acid dragon (D:11)
  A water moccasin (D:10)
  3 orc warriors (D:11)
  3 phantoms
  2 sky beasts (D:6)
  5 ogres
  4 centaurs
  2 crocodiles (D:11)
  4 big kobolds
  Blork the orc (D:6)
  3 bullfrogs
  A gnoll sergeant (D:8)
  3 scorpions
  10 killer bees
  A howler monkey (D:8)
  9 wights
  4 crimson imps
  3 bullfrog zombies
  A quasit (D:6)
  4 hounds
  3 centaur skeletons
  5 orc priests
  2 jellies
  4 orc wizards
  3 bullfrog skeletons
  2 iguanas (D:9)
  6 worker ants
  3 hound skeletons
  Robin (D:2)
  3 worker ant zombies
  3 gnolls (D:8)
  12 adders
  5 shadow imps
  3 oozes
  4 worms
  2 adder skeletons (D:4)
  2 adder zombies
  A dart slug (D:1)
  5 leopard geckos
  42 orcs
  2 bats
  7 giant cockroaches
  14 goblins
  9 hobgoblins
  16 jackals
  8 quokkas
  4 ball pythons
  2 frilled lizards (D:3)
  16 kobolds
  A quokka skeleton (D:7)
  3 rats
273 creatures vanquished.

Notes
Turn   | Place    | Note
-------+----------+-------------------------------------------
     0 | D:1      | Mrkan the Troll Monk began the quest for the Orb.
     0 | D:1      | Reached XP level 1. HP: 22/22 MP: 0/0
    74 | D:1      | Reached XP level 2. HP: 27/29 MP: 1/1
   410 | D:1      | Reached XP level 3. HP: 25/36 MP: 2/2
  1004 | D:2      | Found a snail-covered altar of Cheibriados.
  1021 | D:2      | Became a worshipper of Cheibriados the Contemplative
  1021 | D:2      | Reached * piety under Cheibriados
  1021 | D:2      | Reached ** piety under Cheibriados
  1097 | D:2      | Reached XP level 4. HP: 44/44 MP: 3/3
  1162 | D:2      | Found an ornate altar of the Wu Jian Council.
  1166 | D:2      | Reached skill level 5 in Unarmed Combat
  1387 | D:2      | Noticed Robin
  1400 | D:2      | Killed Robin
  1661 | D:3      | Reached XP level 5. HP: 41/50 MP: 4/4
  1667 | D:3      | Reached *** piety under Cheibriados
  1890 | D:3      | Found a faded altar of an unknown god.
  2010 | D:4      | Found an iron altar of Okawaru.
  2044 | D:4      | Found Bosaodd's Gadget Shoppe.
  2047 | D:4      | Noticed a hippogriff
  2053 | D:4      | Killed a hippogriff
  2053 | D:4      | Reached XP level 6. HP: 40/59 MP: 5/5
  2186 | D:4      | Found Haahoc's Food Emporium.
  2322 | D:4      | Found a blossoming altar of Fedhas.
  2542 | D:4      | Reached **** piety under Cheibriados
  2542 | D:4      | Reached XP level 7. HP: 63/66 MP: 6/6
  2554 | D:4      | Found Wodoitu's Armour Shoppe.
  2622 | D:5      | Entered Level 5 of the Dungeon
  2766 | D:5      | Found a sacrificial altar of Ru.
  2766 | D:5      | Found a blossoming altar of Fedhas.
  2769 | D:5      | Found a stormy altar of Qazlal.
  2769 | D:5      | Found a deep blue altar of Sif Muna.
  2936 | D:5      | Found Sonacrav's Antique Armour Boutique.
  3464 | D:6      | Noticed Menkaure
  3465 | D:6      | Reached skill level 1 in Shields
  3475 | D:6      | Killed Menkaure
  3475 | D:6      | Reached skill level 2 in Shields
  3475 | D:6      | Reached XP level 8. HP: 8/74 MP: 7/7
  3479 | D:6      | HP: 3/74 [jackal (3)]
  3567 | D:6      | Reached skill level 3 in Shields
  3694 | D:6      | Reached ***** piety under Cheibriados
  3694 | D:6      | Reached skill level 4 in Shields
  3867 | D:6      | Noticed Blork the orc
  3873 | D:6      | Killed Blork the orc
  3873 | D:6      | Reached skill level 5 in Shields
  3995 | D:6      | Reached skill level 6 in Shields
  4408 | D:7      | Found a staircase to the Ecumenical Temple.
  4481 | D:7      | Reached XP level 9. HP: 63/80 MP: 8/8
  5074 | D:8      | Reached skill level 7 in Shields
  5131 | D:8      | Found a glowing silver altar of Zin.
  5303 | D:8      | Reached skill level 8 in Shields
  5602 | D:9      | Reached ****** piety under Cheibriados
  5602 | D:9      | Reached skill level 9 in Shields
  5728 | D:9      | Found Extot's Gadget Shoppe.
  5836 | D:9      | Reached XP level 10. HP: 78/88 MP: 9/9
  5872 | D:9      | Found an opulent altar of Gozag.
  6352 | D:10     | Entered Level 10 of the Dungeon
  6362 | D:10     | Reached skill level 10 in Shields
  6394 | D:10     | Noticed a sixfirhy
  6395 | D:10     | Found a runed translucent door.
  6442 | D:10     | Found Elufriri's Weapon Boutique.
  7022 | D:11     | Found a staircase to the Lair.
  7022 | D:11     | Noticed an elephant
  7045 | D:11     | Killed an elephant
  7111 | D:11     | Noticed Gastronok
  7125 | D:11     | Killed Gastronok
  7125 | D:11     | Reached skill level 5 in Fighting
  7125 | D:11     | Reached skill level 11 in Shields
  7125 | D:11     | Reached XP level 11. HP: 37/102 MP: 4/10
  7250 | D:11     | Found a roughly hewn altar of Beogh.
  7250 | D:11     | Found a staircase to the Orcish Mines.
  7253 | D:11     | Killed an unseen horror
  7254 | D:11     | Noticed a cyan ugly thing
  7283 | D:11     | HP: 5/104 [cyan ugly thing (10)]
  7283 | D:11     | Mangled by a cyan ugly thing

Skill      XL: |  1  2  3  4  5  6  7  8  9 10 |
---------------+-------------------------------+-----
Unarmed Combat | 4 5 7 8 9 |  9.3
Shields        | 2 6 9 11 | 11.7
Fighting       | 5 |  5.5
Dodging        | |  2.4
Stealth        | |  1.0

Action                   |  1- 3 |  4- 6 |  7- 9 | 10-12 || total
-------------------------+-------+-------+-------+-------++-------
Melee: Unarmed           |    77 |   136 |   312 |   158 ||   683
       Punch             |     4 |       |       |       ||     4
Invok: Bend Time         |       |       |     1 |       ||     1
       Slouch            |       |       |     1 |     2 ||     3
  Use: Scroll            |       |       |     7 |     6 ||    13
       Potion            |       |       |     1 |     5 ||     6
 Stab: Sleeping          |     1 |     4 |     9 |     7 ||    21
       Distracted        |       |       |       |     1 ||     1
  Eat: Chunk             |    11 |    12 |    17 |    14 ||    54
       Ration            |       |       |     1 |     2 ||     3
Armor: Robe              |    37 |    48 |   101 |    26 ||   212
Dodge: Dodged            |    61 |    58 |   101 |    28 ||   248
Block: Large shield      |       |    36 |   429 |   197 ||   662
